 Dungeon Sprint DCSS version 0.20-a0-640-g62ed22f (webtiles) character file.

188 esc the Skirmisher (level 5, -3/69 HPs)
             Began as a Demonspawn Berserker on Feb 12, 2017.
             Was a Believer of Trog.
             Slain by a hippogriff (6 damage)
             ... in the Dungeon (Sprint II: "The Violet Keep of Menkaure").
             The game lasted 00:00:53 (104 turns).

esc the Skirmisher (Demonspawn Berserker)            Turns: 104, Time: 00:00:53

Health: -3/69      AC:  8    Str: 23    XL:     5   Next: 39%
Magic:  5/5        EV: 15    Int:  8    God:    Trog [**....]
Gold:   243        SH:  0    Dex: 13    Spells: 4/4 levels left

rFire    . . .     SeeInvis .   a - +0 falchion
rCold    . . .     Gourm    .   b - +0 animal skin
rNeg     . . .     Faith    .   (no shield)
rPois    .         Spirit   .   (helmet restricted)
rElec    .         Reflect  .   (no cloak)
rCorr    .         Harm     .   (no gloves)
MR       .....     NoTele   +   (no boots)
Stlth    ..........             (no amulet)
Regen    0.3/turn               (no ring)
MPRegen  0.1/turn               (no ring)

@: berserking (expiring), sanguine armour, very quick
A: antennae 1, powered by death 1, sanguine armour 1
a: Berserk, Trog's Hand, Burn Spellbooks, Renounce Religion


You were in the Dungeon.
You worshipped Trog.
Trog was pleased with you.
You were not hungry.

You visited 1 branch You collected 243 gold pieces.

Inventory:

Hand Weapons
 a - a +0 falchion (weapon)
Armour
 b - a +0 animal skin (worn)
Scrolls
 i - a scroll of blinking {!r}
Potions
 d - a potion of curing
 e - a potion of heal wounds
 f - a potion of haste
 g - 2 potions of magic
 h - a potion of berserk rage {!q}
Comestibles
 c - a bread ration {@e1}
 j - 3 chunks of flesh {@w0}


   Skills:
 + Level 6.3 Fighting
 + Level 5.8 Long Blades
 + Level 5.3 Armour
 + Level 5.3 Dodging


You had 4 spell levels left.
You didn't know any spells.

Dungeon Overview and Level Annotations

Branches:
Dungeon (1/1)

Altars:


Innate Abilities, Weirdness & Mutations

You have a pair of small antennae on your head.
You regenerate a little health from kills.
When seriously injured, your bleeding wounds create armour. (AC +6)


Message History

You hit the worm.
You kill the worm!
Trog accepts your kill.
Your Long Blades skill increases to level 3!
Your Armour skill increases to level 2!
Your Dodging skill increases to level 2!
The worm misses you.
There is an open door here.
You slash the worm! You hit the worm. The worm bites you.
You take 3 damage, and have 17/27 hp.
You slash the worm!
You kill the worm!
Trog accepts your kill.
You now have 243 gold pieces.
You see here a worm corpse.
You butcher the worm corpse.
You feel a strong urge to attack something.
You are no longer berserk.
You pass out from exhaustion.
You feel yourself slow down.
You can move again.
j - 3 chunks of flesh {@w0} You now have 13/18 hp.
You start resting.
You feel yourself speed up.
You regained 2 hp, and now have 15/18 hp.
You start resting.
You feel less exhausted.
You start resting.
Health restored: 18
There is an open door here.
As you open the door, it creaks loudly! 2 hippogriffs come into view.
The hippogriff screeches! x2
A red film seems to cover your vision as you go berserk!
You feel yourself moving faster!
You feel mighty!
You feel quite a bit more hungry.
You now have 27/27 hp.
You slash the hippogriff! You slash the hippogriff! The hippogriff bites you.
The hippogriff misses you. The hippogriff claws you.
You take 6 damage, and have 21/27 hp.
MASSIVE DAMAGE!!
You slash the hippogriff!
The hippogriff bites you but does no damage.
The hippogriff closely misses you. The hippogriff claws you.
You take 4 damage, and have 17/27 hp.
You slash the hippogriff! The hippogriff barely misses you.
The hippogriff pecks you. The hippogriff closely misses you.
You take 3 damage, and have 14/27 hp.
You barely miss the hippogriff. You closely miss the hippogriff.
The hippogriff bites you. The hippogriff closely misses you.
The hippogriff claws you but does no damage.
You take 2 damage, and have 12/27 hp.
You barely miss the hippogriff. The hippogriff barely misses you. x2
The hippogriff claws you!
* * * LOW HITPOINT WARNING * * *
You take 8 damage, and have 4/27 hp.
MASSIVE DAMAGE!!
You are too injured to fight recklessly!
You are too injured to fight recklessly!
You slash the hippogriff!
You kill the hippogriff!
Trog accepts your kill.
You can now call upon Trog for regeneration and protection from hostile enchantments.
Your Fighting skill gained 3 levels and is now at level 6!
Your Long Blades skill gained 2 levels and is now at level 5!
Your Armour skill gained 3 levels and is now at level 5!
Your Dodging skill gained 3 levels and is now at level 5!
You have reached level 2!
Your demonic ancestry asserts itself...
A pair of antennae grows on your head!
You have reached level 3!
Your experience leads to an increase in your attributes!
Your base attributes are Str 17, Int 8, Dex 12.
Increase (S)trength, (I)ntelligence, or (D)exterity?
You feel stronger.
Your demonic ancestry asserts itself...
A wave of death washes over you.
You have reached level 4!
You feel agile.
You have reached level 5!
Your demonic ancestry asserts itself...
You feel your blood ready itself to protect you.
Your blood congeals into armour.
You regained 6 hp, and now have 10/69 hp.
MP restored: 5 You slash the hippogriff!
You barely miss the hippogriff.
The hippogriff bites you but does no damage.
The hippogriff pecks you but does no damage.
The hippogriff claws you.
* * * LOW HITPOINT WARNING * * *
You take 1 damage, and have 9/69 hp.
You hit the hippogriff. The hippogriff bites you!
* * * LOW HITPOINT WARNING * * *
The hippogriff pecks you but does no damage.
The hippogriff claws you.
You die...

##+
##.#
#..## #
##..#
#. ##'#
#.##.##
#H@<.+
#.##.##
#. #+#
#


You could see a hippogriff.

Vanquished Creatures
  A hippogriff (D)
  2 worms (D)
3 creatures vanquished.

Vanquished Creatures (others)
  A crocodile (D)
1 creature vanquished.

Grand Total: 4 creatures vanquished

Notes
Turn   | Place    | Note
-------+----------+-------------------------------------------
     0 | D        | esc the Demonspawn Berserker began the quest for the Orb.
     0 | D        | Reached XP level 1. HP: 18/18 MP: 1/1
     7 | D        | Reached skill level 3 in Long Blades
     7 | D        | Reached skill level 2 in Armour
     7 | D        | Reached skill level 2 in Dodging
    22 | D        | Killed a crocodile
    92 | D        | Noticed a hippogriff
    92 | D        | Noticed a hippogriff
   100 | D        | HP: 4/27 [hippogriff (8)]
   101 | D        | Killed a hippogriff
   101 | D        | Reached ** piety under Trog
   101 | D        | Reached skill level 6 in Fighting
   101 | D        | Reached skill level 5 in Long Blades
   101 | D        | Reached skill level 5 in Armour
   101 | D        | Reached skill level 5 in Dodging
   101 | D        | Gained mutation: You have a pair of small antennae on your head. [demonic ancestry]
   101 | D        | Reached XP level 2. HP: 6/28 MP: 2/2
   101 | D        | Gained mutation: You regenerate a little health from kills. [demonic ancestry]
   101 | D        | Reached XP level 3. HP: 7/34 MP: 3/3
   101 | D        | Reached XP level 4. HP: 9/40 MP: 4/4
   101 | D        | Gained mutation: When seriously injured, your bleeding wounds create armour. (AC +6) [demonic ancestry]
   101 | D        | Reached XP level 5. HP: 10/46 MP: 5/5
   104 | D        | Slain by a hippogriff

Vault maps used:
D:        the_violet_keep_of_menkaure

Skill      XL: |  1 |
---------------+----+-----
Long Blades    | 5 |  5.8
Armour         | 5 |  5.3
Dodging        | 5 |  5.3
Fighting       | 6 |  6.3

Action                   |  1- 3 |  4- 6 || total
-------------------------+-------+-------++-------
Melee: Falchion          |    14 |     3 ||    17
Invok: Berserk           |     2 |       ||     2
Armor: Animal skin       |     2 |     3 ||     5
Dodge: Dodged            |     8 |       ||     8

Vault maps used:
D:        the_violet_keep_of_menkaure

Table legend:
 A = Turns spent in this place as a percentage of turns spent in the entire game.
 B = Non-inter-level travel turns spent in this place as a percentage of non-inter-level travel turns spent in the entire game.
 C = Inter-level travel turns spent in this place as a percentage of turns spent in this place.
 D = Turns resting spent in this place as a percentage of non-inter-level travel turns spent in this place.
 E = Turns spent auto-exploring this place as a percentage of non-inter-level travel turns spent in this place.
 F = Non-inter-level travel turns spent in this place divided by the number of levels of this place that you've seen.
                   A       B       C       D       E      F
               +-------+-------+-------+-------+-------+----------------------
         Total | 100.0 | 100.0 |   0.0 |  10.0 |   0.0 |  40.0
       Dungeon | 100.0 | 100.0 |   0.0 |  10.0 |   0.0 |  40.0
               +-------+-------+-------+-------+-------+----------------------

Table legend:
 A = Kills in this place as a percentage of kills in entire the game.
 B = Kills by you in this place as a percentage of kills by you in the entire game.
 C = Kills by friends in this place as a percentage of kills by friends in the entire game.
 D = Other kills in this place as a percentage of other kills in the entire game.
 E = Experience gained in this place as a percentage of experience gained in the entire game.
 F = Experience gained in this place divided by the number of levels of this place that you have seen.
                   A       B       C       D       E      F
               +-------+-------+-------+-------+-------+----------------------
         Total | 100.0 | 100.0 |  -nan |  -nan | 100.0 | 269.0
       Dungeon | 100.0 | 100.0 |  -nan |  -nan | 100.0 | 269.0
               +-------+-------+-------+-------+-------+----------------------
